 Dungeon Crawl Stone Soup version 0.30-a0-1074-g5db6f66fbb (webtiles) character file.

Game seed: 4601411103693474293

100 OrthodoxDeviant the Digger (level 4, -2/33 HPs)
             Began as a Ghoul Earth Elementalist on Apr 14, 2023.
             Slain by an iguana (5 damage)
             ... on level 2 of the Dungeon.
             The game lasted 00:04:47 (2056 turns).

OrthodoxDeviant the Digger (GhEE)                   Turns: 2056, Time: 00:04:48

Health: -2/33      AC:  2    Str: 11    XL:     4   Next: 73%
Magic:  2/7        EV: 12    Int: 12    God:
Gold:   63         SH:  0    Dex:  9    Spells: 2/8 levels left

rFire   . . .      SeeInvis .    (no weapon)
rCold   + . .      Faith    .    (no shield)
rNeg    + + +      Spirit   .    a - +0 robe
rPois   ∞          Reflect  .    (no helmet)
rElec   .          Rampage  .    (no cloak)
rCorr   +                        (no gloves)
Will    .....                    (no boots)
Stlth   ++                       (no amulet)
HPRegen 0.00/turn                o - ring of resist corrosion
MPRegen 0.10/turn                (no ring)

@: inhibited regen
A: claws 1, cold resistance 1, negative energy resistance 3, inhibited
regeneration, torment resistance 2, devour on kill
a: no special abilities


You were on level 2 of the Dungeon.
You visited 1 branch of the dungeon, and saw 3 of its levels.

You collected 63 gold pieces.

Inventory:

Armour
 a - a +0 robe (worn)
 m - a +0 buckler
Jewellery
 o - a ring of resist corrosion (left claw)
Scrolls
 g - a scroll of identify {unknown}
 i - a scroll of torment {unknown}
 l - 2 scrolls of teleportation {unknown}
Potions
 b - 2 potions of magic
 c - a potion of lignification {unknown}
 d - 2 potions of flight {unknown}
 e - a potion of might {unknown}
 f - 2 potions of heal wounds {unknown}
 h - a potion of attraction {unknown}
 j - a potion of resistance {unknown}
 k - 2 potions of mutation {unknown}
 n - 2 potions of berserk rage {unknown}


   Skills:
 - Level 1.7 Dodging
 - Level 2.1 Stealth
 + Level 2.8 Spellcasting
 * Level 1.1 Conjurations
 - Level 0.8 Transmutations
 * Level 4.6 Earth Magic


You had 2 spell levels left.
You knew the following spells:

 Your Spells              Type           Power      Damage    Failure   Level
a - Sandblast             Erth           24%        2d8       3%          1
b - Stone Arrow           Conj/Erth      16%        3d8       22%         3
c - Passwall              Tmut/Erth      6%         N/A       12%         2

Your spell library contained the following spells:

 Spells                   Type           Power      Damage    Failure   Level
 Ensorcelled Hibernation  Hex/Ice        2%         N/A       36%         2
 Petrify                  Tmut/Erth      8%         N/A       63%         4
 Anguish                  Hex/Necr       0%         N/A       94%         4
 Spider Form              Tmut/Pois      Unusable   N/A       N/A         3

Dungeon Overview and Level Annotations

Branches:
Dungeon (3/15)

Altars:


Innate Abilities, Weirdness & Mutations

You are immune to poison.
You have sharp fingernails.
Your flesh is cold resistant. (rC+)
You are immune to negative energy. (rN+++)
You do not regenerate when monsters are visible.
You are immune to unholy pain and torment.
You thrive by killing the living.


Message History

Confirm with . or Enter, or press ? or * to list all spells.
Aiming: Sandblast (safe; 3% risk of failure)
Press: ? - help, Shift-Dir - straight line, f - iguana
Aim: an iguana (heavily wounded, 84% to hit)
The blast of sand hits the iguana.
The iguana is heavily wounded.
The iguana bites you!
Unknown command.
Unknown command.
Casting: Sandblast (safe; 3% risk of failure)
Confirm with . or Enter, or press ? or * to list all spells.
Aiming: Sandblast (safe; 3% risk of failure)
Press: ? - help, Shift-Dir - straight line, f/p - iguana
Aim: an iguana (heavily wounded, 84% to hit)
The blast of sand hits the iguana but does no damage.
The iguana is heavily wounded.
The iguana bites you!
* * * LOW HITPOINT WARNING * * *
The iguana barely misses you.
Unknown command.
Casting: Sandblast (safe; 3% risk of failure)
Confirm with . or Enter, or press ? or * to list all spells.
Aiming: Sandblast (safe; 3% risk of failure)
Press: ? - help, Shift-Dir - straight line, f/p - iguana
Aim: an iguana (heavily wounded, 84% to hit)
The blast of sand hits the iguana but does no damage.
The iguana is heavily wounded.
The iguana hisses menacingly.
The iguana bites you.
* * * LOW HITPOINT WARNING * * *
Unknown command.
Casting: Sandblast (safe; 3% risk of failure)
Confirm with . or Enter, or press ? or * to list all spells.
Aiming: Sandblast (safe; 3% risk of failure)
Press: ? - help, Shift-Dir - straight line, f/p - iguana
Aim: an iguana (heavily wounded, 84% to hit)
The blast of sand hits the iguana but does no damage.
The iguana is heavily wounded.
The iguana bites you.
You die...

##################
#@.........)......
##l##.############
#....# #<..##
##..####### #####
#........#######
#...#
#.######........
#.#.#########.#
#########
#.#.........#.#


You could see an iguana.

Vanquished Creatures
  3 gnolls (D:2)
  2 adders (D:2)
  A dart slug (D:1)
  4 bats
  6 endoplasms
  3 goblins
  8 jackals
  A quokka (D:1)
  8 ball pythons
  2 frilled lizards
  5 kobolds
  3 rats
46 creatures vanquished.

Notes
Turn   | Place    | Note
-------+----------+-------------------------------------------
     0 | D:1      | OrthodoxDeviant the Ghoul Earth Elementalist began the
                  | quest for the Orb.
     0 | D:1      | Reached XP level 1. HP: 14/14 MP: 2/2
   169 | D:1      | Reached XP level 2. HP: 9/20 MP: 2/4
   697 | D:1      | Reached XP level 3. HP: 26/26 MP: 2/5
   762 | D:1      | Reached skill level 4 in Earth Magic
  1236 | D:1      | Learned a level 3 spell: Stone Arrow
  1239 | D:1      | Learned a level 2 spell: Passwall
  1575 | D:2      | Reached XP level 4. HP: 28/33 MP: 2/7
  1720 | D:2      | Reached skill level 1 in Conjurations
  2056 | D:2      | Slain by an iguana

Illustrated notes

Levels and vault maps discovered:
D:1:      psy_arrival_fountain, layout_loops_ring, corexii_corridor_pit
D:2:      layout_basic
D:3:      layout_basic, serial_shops, nicolae_shop_bloodbath_and_beyond

Skill      XL: |  1  2  3  4 |
---------------+-------------+-----
Spellcasting   | 2 |  2.8
Earth Magic    | 4 |  4.6
Conjurations   | 1 |  1.1
Dodging        | |  1.7
Stealth        | |  2.1
Transmutations | |  0.8

Action                     |  1- 3 |  4- 6 || total
---------------------------+-------+-------++-------
  Melee: Unarmed           |    10 |     6 ||    16
   Cast: Sandblast         |    58 |    22 ||    80
 Armour: Robe              |     9 |     2 ||    11
  Dodge: Dodged            |    31 |    16 ||    47

Table legend: (Time is in decaauts)
 A = Elapsed time spent in this place.
 B = Non-inter-level travel time spent in this place.
 C = Inter-level travel time spent in this place.
 D = Time resting spent in this place.
 E = Time spent auto-exploring this place.
 F = Levels seen in this place.
 G = Mean time per level.
                   A        B        C        D        E       F      G
               +--------+--------+--------+--------+--------+-----+--------+
         Total |   2097 |   1985 |    112 |    345 |   1134 |   3 |  699.0 |
       Dungeon |   2097 |   1985 |    112 |    345 |   1134 |   3 |  699.0 |
               +--------+--------+--------+--------+--------+-----+--------+

Top non-repeatable levels by time:
     D:1: 1310 daAuts
     D:2: 769 daAuts
     D:3: 17 daAuts
